 Dungeon Crawl Stone Soup version 0.30-b1-2-g02819fbbbe (webtiles) character file.

Game seed: 6774194558827907495

1250 suse60 the Chopper (level 8, 0/73 HPs)
             Began as a Minotaur Gladiator on Oct 20, 2023.
             Slain by Duvessa
             ... wielding a +0 short sword
              (18 damage)
             ... on level 5 of the Dungeon.
             The game lasted 00:20:00 (4598 turns).

suse60 the Chopper (Minotaur Gladiator)             Turns: 4598, Time: 00:20:01

Health: 0/73       AC:  7    Str: 20    XL:     8   Next: 26%
Magic:  7/7        EV: 12    Int:  5    God:
Gold:   237        SH:  0    Dex: 13    Spells: 7/7 levels left

rFire   . . .        a - +2 war axe (freeze)
rCold   . . .        (no shield)
rNeg    . . .        m - +0 scale mail
rPois   .            c - +0 hat
rElec   .            (no cloak)
rCorr   .            (no gloves)
SInv    .            o - +0 pair of boots
Will    .....        (no amulet) Stlth
                     (no ring)
HPRegen 0.32/turn    (no ring)
MPRegen 0.10/turn

%: no passive effects
@: no status effects
A: horns 2, retaliatory headbutt
a: no special abilities


You were on level 5 of the Dungeon.
You visited 1 branch of the dungeon, and saw 5 of its levels.
You also visited: Sewer.

You collected 237 gold pieces.

Inventory:

Hand Weapons
 a - a +2 war axe of freezing (weapon)
Missiles
 d - 3 throwing nets (quivered)
 k - 17 poisoned darts
 v - a javelin
Armour
 c - a +0 hat (worn)
 m - a +0 scale mail (worn)
 o - a +0 pair of boots (worn)
 z - a +0 chain mail
Scrolls
 b - 2 scrolls of fog {unknown}
 p - a scroll of enchant armour {unknown}
 q - a scroll of vulnerability {unknown}
 s - 2 scrolls of teleportation
 t - 2 scrolls of amnesia {unknown}
 u - 2 scrolls of noise {unknown}
 x - a scroll of identify
 y - a scroll of immolation {unknown}
Potions
 e - 2 potions of berserk rage {unknown}
 f - 3 potions of might
 g - 3 potions of curing
 h - a potion of cancellation
 i - a potion of resistance {unknown}
 j - 3 potions of heal wounds
 l - a potion of magic {unknown}
 n - 3 potions of haste
 r - 2 potions of degeneration {unknown}
 w - 2 potions of flight


   Skills:
 + Level 7.3 Fighting
 + Level 7.8 Axes
 - Level 2.0 Throwing
 + Level 7.1 Dodging


You had 7 spell levels left.
You didn't know any spells.
Your spell library contained the following spells:

 Spells                   Type           Power      Damage    Failure   Level
 Blink                    Tloc           0%         N/A       94%         2
 Cigotuvi's Dreadful Rot  Necr/Pois/Air  0%         N/A       94%         2
 Ignite Poison            Fire/Tmut/Pois 0%         N/A       99%         3
 Portal Projectile        Hex/Tloc       0%         N/A       99%         3
 Tukima's Dance           Hex            0%         N/A       99%         3
 Manifold Assault         Tloc           0%         N/A       100%        4
 Blade Hands              Tmut           0%         N/A       100%        5
 Freezing Cloud           Conj/Ice/Air   0%         6-21      100%        5
 Storm Form               Tmut/Air       0%         N/A       100%        7


Dungeon Overview and Level Annotations

Branches:
Dungeon (5/15)              Sewer (visited)
 Temple: D:4-7

Altars:
Ashenzari
Hepliaklqana
Makhleb
Ru

Annotations:
D:5 Duvessa


Innate Abilities, Weirdness & Mutations

You have a pair of horns on your head.
You reflexively headbutt those who attack you in melee.


Message History

Duvessa and an iguana come into view.
Duvessa is wielding a +0 short sword and wearing a +3 leather armour of cold resistance.
The iguana hisses angrily.
Duvessa moves out of view.
You see here a potion of might.
f - 3 potions of might (gained 1) Dowan, Brother of Duvessa comes into view.
He is wielding a +0 dagger.
Dowan shouts!
Duvessa says, "When magic and the sword combine, nothing stands against them."
Duvessa says, "Where magic fails, the sword succeeds!"
You slash the iguana! You freeze the iguana.
You kill the iguana!
You hit Duvessa but do no damage. You headbutt Duvessa.
Duvessa is lightly wounded.
You closely miss Dowan. You hit Duvessa but do no damage.
Duvessa hits you with a +0 short sword. Dowan hits you but does no damage.
You hit Dowan. You freeze Dowan. You headbutt Dowan!
Dowan is severely wounded.
You hit Duvessa but do no damage. Duvessa hits you with a +0 short sword.
Dowan hits you but does no damage.
You slash Dowan! You freeze Dowan.
You kill Dowan!
Duvessa weeps, and shakes her weapon.
Duvessa goes berserk!
You barely miss Duvessa. Duvessa misses you. You furiously retaliate!
You headbutt Duvessa!
Duvessa hits you with a +0 short sword!!
You slash Duvessa! You freeze Duvessa. You headbutt Duvessa, but do no damage.
Duvessa is heavily wounded.
Duvessa hits you with a +0 short sword! Duvessa misses you.
You hit Duvessa but do no damage. You headbutt Duvessa!
Duvessa is severely wounded.
Duvessa hits you with a +0 short sword!
You closely miss Duvessa. Your punch misses Duvessa.
Duvessa is severely wounded.
Duvessa hits you with a +0 short sword! Duvessa hits you with a +0 short sword.
* * * LOW HITPOINT WARNING * * *
You barely miss Duvessa.
Duvessa is severely wounded.
Duvessa hits you with a +0 short sword!!
You die...

##.......####....##
##...........##..#
###.............# #
#####........#...#
.#............#####
...................##
......#<............#
...#####......#.#...#
...# ##...####@e..#
...#####...#####)#.##
...#.#.....#......##
.......###.......##
.....#.[##......##
.#..e.....e...###
.............†..#
#.....≈≈≈≈≈≈.≈≈.##
##....≈.......≈..#


You could see Duvessa (berserk).

Vanquished Creatures
  Grinder (D:4)
  A black bear (D:5)
  2 phantoms (D:4)
  2 kobold brigands (Sewer)
  Blork the orc (D:4)
  Dowan (D:5)
  A hound (D:5)
  An orc priest (D:4)
  5 iguanas
  Natasha (thrice) (D:3)
  An orc wizard (D:4)
  7 gnolls
  7 adders
  2 river rats (Sewer)
  A shadow imp (D:5)
  5 worms
  3 dart slugs
  2 orcs (D:4)
  13 ball pythons
  11 endoplasms
  2 giant cockroaches
  9 goblins
  7 hobgoblins
  21 kobolds
  4 quokkas
  5 bats
  3 frilled lizards
  6 rats
127 creatures vanquished.

Notes
Turn   | Place    | Note
-------+----------+-------------------------------------------
     0 | D:1      | suse60 the Minotaur Gladiator began the quest for the Orb.
     0 | D:1      | Reached XP level 1. HP: 18/18 MP: 0/0
   231 | D:1      | Reached XP level 2. HP: 25/25 MP: 1/1
   677 | D:1      | Found a faded altar of an unknown god.
   859 | D:1      | Reached XP level 3. HP: 30/31 MP: 2/2
  1354 | D:2      | Reached XP level 4. HP: 37/39 MP: 3/3
  1877 | D:3      | Found a glowing drain.
  1911 | Sewer    | Entered a sewer
  2009 | Sewer    | Reached skill level 5 in Axes
  2018 | Sewer    | Reached XP level 5. HP: 46/46 MP: 4/4
  2191 | Sewer    | Reached skill level 5 in Dodging
  2191 | Sewer    | Reached XP level 6. HP: 37/55 MP: 5/5
  2457 | D:3      | Reached skill level 5 in Fighting
  2783 | D:3      | Noticed Natasha
  2786 | D:3      | Killed Natasha
  2840 | D:3      | Found a sacrificial altar of Ru.
  2944 | D:3      | Noticed Natasha
  2948 | D:3      | Killed Natasha
  2955 | D:3      | Noticed Natasha
  2960 | D:3      | Killed Natasha
  3135 | D:4      | Reached XP level 7. HP: 56/61 MP: 6/6
  3169 | D:4      | Noticed Grinder
  3196 | D:4      | Paralysed by Grinder for 3 turns
  3211 | D:4      | Killed Grinder
  3429 | D:4      | Found a broken altar of Ashenzari.
  3795 | D:4      | Noticed Blork the orc
  3887 | D:4      | Killed Blork the orc
  4394 | D:5      | Entered Level 5 of the Dungeon
  4394 | D:5      | Found a hazy altar of Hepliaklqana.
  4399 | D:5      | Reached XP level 8. HP: 68/73 MP: 7/7
  4562 | D:5      | Found a burning altar of Makhleb.
  4567 | D:5      | Noticed Duvessa
  4568 | D:5      | Noticed Dowan
  4594 | D:5      | Killed Dowan
  4598 | D:5      | Slain by Duvessa

Illustrated notes

Levels and vault maps discovered:
D:1:      tarquinn_simple_flora_water_b, layout_loops_corners, serial_glass,
          glass_columns_c, glass_columns_a, glass_columns_b, glass_columns_a,
          dilly_ecumenical_altar_fadedgnrine
D:2:      layout_basic
D:3:      layout_loops_cross, nicolae_ru_awakened_eye,
          cheibrodos_sewer_entry_drain, uniq_natasha
D:4:      layout_basic, nicolae_ashenzari_panopticon,
          chequers_serial_rivers_small_b, uniq_blork_the_orc, uniq_grinder
D:5:      layout_cave_pools, kennysheep_little_box,
          nicolae_hepliaklqana_hazy_memory, mainiacjoe_overflow_brackets,
          serial_bayou_pond_d, serial_park_tiny_2, uniq_duvessa,
          uniq_prince_ribbit1

Skill      XL: |  1  2  3  4  5  6  7  8 |
---------------+-------------------------+-----
Axes           | 4 5 6 7 |  7.8
Fighting       | 3 4 5 7 |  7.3
Dodging        | 4 5 6 7 |  7.1
Throwing       | |  2.0

Action                     |  1- 3 |  4- 6 |  7- 9 || total
---------------------------+-------+-------+-------++-------
  Melee: War axe           |    84 |   108 |    59 ||   251
         Headbutt          |    12 |    13 |    16 ||    41
         Punch             |       |     1 |     1 ||     2
  Throw: Throwing net      |       |       |     4 ||     4
         Javelin           |       |       |     1 ||     1
    Use: Scroll            |     5 |    10 |     1 ||    16
         Potion            |       |     3 |     2 ||     5
 Armour: Leather armour    |    14 |     4 |       ||    18
         Scale mail        |       |    27 |    11 ||    38
  Dodge: Dodged            |    33 |    55 |    12 ||   100
